 Dungeon Crawl Stone Soup version 0.30-a0-632-g346586fe48 (webtiles) character file.

Game seed: 10042674589535555725

8969 zazu2006 the Covert (level 11, -11/117 (144) HPs)
             Began as a Naga Hedge Wizard on Jan 13, 2023.
             Was a Believer of Vehumet.
             Mangled by a wight
             ... wielding a +0 halberd
              (14 damage)
             ... on level 9 of the Dungeon.
             The game lasted 00:26:30 (11259 turns).

zazu2006 the Covert (Naga Hedge Wizard)            Turns: 11259, Time: 00:26:31

HP:   -11/117 (144) AC:  8    Str: 14    XL:     11   Next: 39%
MP:   17/19         EV: 11    Int: 18    God:    Vehumet [**....]
Gold: 767           SH:  0    Dex: 14    Spells: 11/21 levels left

rFire   . . .      SeeInvis +    k - +6 hand axe "Gaimew Wotzu" {drain, Fly rPois Will+ Dex+4}
rCold   + . .      Faith    .    (no shield)
rNeg    . . .      Spirit   .    C - +0 steam dragon scales
rPois   +          Reflect  .    n - +0 helmet
rElec   .          Harm     .    (no cloak)
rCorr   .          Rampage  .    e - +0 pair of gloves
Will    ++...                    (no barding) Stlth
                                 (no amulet)
HPRegen 0.39/turn                A - ring of protection from cold
MPRegen 0.16/turn                (no ring)

@: berserking, on blink cooldown, flying, heavily drained, quick
A: AC +3, large, see invisible, deformed body, poison resistance, slowness 2,
spit poison 1, naga tail 1
a: Spit Poison, Renounce Religion


You were on level 9 of the Dungeon.
You worshipped Vehumet.
Vehumet was pleased with you.
You visited 2 branches of the dungeon, and saw 10 of its levels.
You also visited: Sewer and Bailey.

You collected 767 gold pieces.

Inventory:

Hand Weapons
 k - the +6 hand axe "Gaimew Wotzu" (weapon) {drain, Fly rPois Will+ Dex+4}
   (You found it on level 3 of the Dungeon)

   Dex:       It affects your dexterity (+4).
   rPois:     It protects you from poison.
   Fly:       It grants you flight.
   Will:      It increases your willpower.
 m - a +1 dagger of electrocution
Missiles
 i - 6 poisoned darts
Armour
 e - a +0 pair of gloves (worn)
 n - a +0 helmet (worn)
 C - +0 steam dragon scales (worn)
Jewellery
 r - a ring of ice
 A - a ring of protection from cold (left hand)
 F - a ring of resist corrosion
Wands
 q - a wand of mindburst (17)
 w - a wand of flame (21)
Scrolls
 b - 3 scrolls of identify
 c - a scroll of fear {unknown}
 g - 3 scrolls of immolation
 l - 2 scrolls of amnesia
 s - a scroll of magic mapping {unknown}
 u - a scroll of blinking {unknown}
 x - a scroll of poison {unknown}
 y - a scroll of fog
 D - a scroll of brand weapon {unknown}
Potions
 a - a potion of flight {unknown}
 d - a potion of experience
 f - 2 potions of brilliance {unknown}
 j - a potion of invisibility {unknown}
 o - 2 potions of degeneration {unknown}
 p - a potion of haste
 t - 2 potions of heal wounds
 v - a potion of mutation {unknown}
 B - a potion of ambrosia {unknown}
 E - 2 potions of attraction {unknown}
 G - a potion of resistance {unknown}
 H - a potion of magic


   Skills:
 + Level 5.3 Fighting
 + Level 9.2 Axes
 + Level 4.9 Dodging
 + Level 11.4 Stealth
 + Level 5.8 Spellcasting
 + Level 4.2 Conjurations
 + Level 1.0 Summonings
 + Level 1.2 Translocations
 + Level 2.6 Air Magic
 + Level 9.1 Poison Magic


You had 11 spell levels left.
You knew the following spells:

 Your Spells              Type           Power      Damage    Failure   Level
a - Magic Dart            Conj           80%        1d7       2%          1
b - Mephitic Cloud        Conj/Pois/Air  24%        N/A       4%          3
c - Olgreb's Toxic Radia  Pois           38%        N/A       2%          4
d - Blink                 Tloc           18%        N/A       11%         2

Your spell library contained the following spells:

 Spells                   Type           Power      Damage    Failure   Level
 Momentum Strike          Conj/Tloc      30%        3d8       6%          2
 Sting                    Tmut/Pois      84%        1d7       1%          1
 Poisonous Vapours        Pois/Air       52%        N/A       1%          2
 Cigotuvi's Dreadful Rot  Necr/Pois/Air  38%        N/A       3%          2
 Spider Form              Tmut/Pois      21%        N/A       5%          3
 Slow                     Hex            20%        N/A       12%         1
 Call Imp                 Summ           8%         N/A       12%         2
 Dazzling Flash           Conj/Hex       24%        N/A       16%         3
 Iskenderun's Mystic Bla  Conj/Tloc      15%        2d5       36%         4
 Alistair's Intoxication  Tmut/Pois      14%        N/A       45%         5
 Starburst                Conj/Fire      6%         6d4       100%        6


Dungeon Overview and Level Annotations

Branches:
Dungeon (9/15)             Temple (1/1) D:6            Lair (0/5) D:9
  Sewer (visited)          Bailey (visited)
    Orc: D:9-12

Altars:
Ashenzari
Cheibriados
Dithmenos
Elyvilon
Fedhas
Gozag
Hepliaklqana
Kikubaaqudgha
Makhleb
Nemelex Xobeh
Okawaru
Qazlal
Ru
Sif Muna
Trog
Uskayaw
Vehumet
Wu Jian
Xom
Yredelemnul
Zin
The Shining One

Shops:
D:4 =


Innate Abilities, Weirdness & Mutations

Your serpentine skin is tough. (AC +3)
You have supernaturally acute eyesight. (SInv)
Armour fits poorly on your strangely shaped body.
Your system is resistant to poisons. (rPois)
You cover ground very slowly.
You can spit poison.
You have a snake-like lower body.


Message History

You closely miss the wight.
The wight is heavily damaged.
The wight closely misses you.
You barely miss the wight.
The wight is heavily damaged.
The wight hits you with a +5 battleaxe!
* * * LOW HITPOINT WARNING * * *
You feel drained.
* * * LOW HITPOINT WARNING * * *
Casting: Mephitic Cloud (dangerous; 4% risk of failure)
Confirm with . or Enter, or press ? or * to list all spells.
You blink.
It was a potion of heal wounds.
You feel much better.
As you read the scroll labelled RECIERH GOQE, it crumbles to dust.
You hear a loud clanging noise!
It was a scroll of noise.
The wight closely misses you.
You feel stable enough to blink again.
The wight hits you from afar with a +0 halberd!
* * * LOW HITPOINT WARNING * * *
You feel drained.
* * * LOW HITPOINT WARNING * * *
The wight closely misses you.
Casting: Blink (safe; 11% risk of failure)
Confirm with . or Enter, or press ? or * to list all spells.
You blink.
The wight hits you with a +5 battleaxe!
* * * LOW HITPOINT WARNING * * *
The wight misses you.
A red film seems to cover your vision as you go berserk!
You feel yourself moving faster!
You feel mighty! The wight hits you with a +5 battleaxe.
* * * LOW HITPOINT WARNING * * *
The wight hits you from afar with a +0 halberd!
* * * LOW HITPOINT WARNING * * *
You slash the wight!
You destroy the wight!
Vehumet accepts your kill.
You feel your power returning. The wight barely misses you.
The wight hits you with a +0 halberd!
You die...

## #...##.#.....# ###P...P...P.
.###...##.#.....# ###....P.....P.
..##...##......## #..P..P.P...PPP
#..'...######### ##.P.P.....P.P.P
####...## #....P..P.[.P..P #....#
######.P......P.P....
#....#####...)..P....PP.P>....
####.....).##...)ยง...PP.........P
.......###.##...@..P.P.........P.
.....### #.......z....PPP.P...PPP
.....# ###...........P.....PPP.
.....# ##........P...P.PP..PP
.....# ######....P...P.PP.PP
.....# ####............ ######
##..#..P[P..# ##.##...####
#.###...##


You could see a wight.

Vanquished Creatures
  Amaemon (D:8)
  2 orc knights (Bailey)
  An orange demon (D:8)
  Grinder (D:6)
  Prince Ribbit (D:8)
  A shadow (D:9)
  A wraith (D:9)
  A wyvern (D:9)
  5 yaks (D:9)
  Grum (D:8)
  4 steam dragons
  4 water moccasins
  10 orc warriors
  2 ice beasts
  4 black bears
  Pargi (Sewer)
  3 wolves (D:8)
  3 ogres
  7 bullfrogs
  A gnoll sergeant (D:7)
  3 necrophages
  4 scorpions
  11 wights
  6 killer bees (D:9)
  6 hounds
  2 jellies
  A gnoll bouda (D:6)
  An orc priest (D:8)
  4 iguanas
  2 orc wizards (D:9)
  Natasha (thrice) (D:2)
  Robin (D:2)
  6 gnolls
  9 adders
  A river rat (D:3)
  A shadow imp (D:5)
  5 white imps
  2 ufetubi
  A worm (D:3)
  2 dart slugs (D:1)
  26 orcs
  7 ball pythons
  3 endoplasms
  6 giant cockroaches
  13 goblins
  7 hobgoblins
  4 quokkas
  12 bats
  A frilled lizard (D:3)
  6 kobolds
  6 rats
216 creatures vanquished.

Vanquished Creatures (others)
  A goblin (D:2)
  38 fungi (D:9)
  31 plants (D:9)
70 creatures vanquished.

Grand Total: 286 creatures vanquished

Notes
Turn   | Place    | Note
-------+----------+-------------------------------------------
     0 | D:1      | zazu2006 the Naga Hedge Wizard began the quest for the Orb.
     0 | D:1      | Reached XP level 1. HP: 15/15 MP: 4/4
   208 | D:1      | Reached XP level 2. HP: 22/22 MP: 0/6
   548 | D:1      | Reached XP level 3. HP: 14/28 MP: 1/8
   552 | D:1      | Learned a level 3 spell: Mephitic Cloud
   555 | D:1      | Learned a level 2 spell: Blink
  1045 | D:2      | Found a blossoming altar of Fedhas.
  1300 | D:2      | Got Qiot's Book of Corruption
  1467 | D:2      | Noticed Robin
  1565 | D:3      | Identified the +6 hand axe "Gaimew Wotzu" {drain, Fly rPois
                  | Will+ Dex+4}
  1605 | D:3      | Found a blossoming altar of Fedhas.
  1607 | D:3      | Found an iron altar of Okawaru.
  1617 | D:3      | Reached skill level 1 in Poison Magic
  1755 | D:3      | Found a glowing drain.
  1766 | D:3      | Reached XP level 4. HP: 11/36 MP: 6/10
  1772 | Sewer    | Entered a sewer
  1900 | Sewer    | Noticed Pargi
  1917 | Sewer    | Killed Pargi
  1918 | Sewer    | Reached skill level 1 in Axes
  1918 | Sewer    | Reached XP level 5. HP: 16/43 MP: 3/11
  2826 | D:2      | Killed Robin
  2924 | D:2      | Found a faded altar of an unknown god.
  2996 | D:2      | Noticed Natasha
  3004 | D:2      | Killed Natasha
  3005 | D:2      | Reached XP level 6. HP: 33/50 MP: 12/12
  3190 | D:2      | Noticed Natasha
  3199 | D:2      | Killed Natasha
  3484 | D:2      | Noticed Natasha
  3494 | D:2      | Killed Natasha
  3495 | D:2      | Reached skill level 1 in Fighting
  3585 | D:4      | Reached skill level 4 in Stealth
  3803 | D:4      | Found Ceozxa's Jewellery Shop.
  4061 | D:5      | Entered Level 5 of the Dungeon
  4396 | D:5      | Noticed a black bear
  4403 | D:5      | Killed a black bear
  4404 | D:5      | Reached XP level 7. HP: 46/58 MP: 9/13
  4993 | D:5      | Learned a level 4 spell: Olgreb's Toxic Radiance
  5056 | D:5      | Reached skill level 5 in Stealth
  5056 | D:5      | Reached XP level 8. HP: 61/67 MP: 14/14
  5487 | D:6      | Found a staircase to the Ecumenical Temple.
  5571 | D:6      | Reached skill level 5 in Poison Magic
  5574 | Temple   | Entered the Ecumenical Temple
  5634 | Temple   | Became a worshipper of Vehumet
  5747 | D:6      | Noticed Grinder
  5779 | D:6      | Killed Grinder
  5780 | D:6      | Reached skill level 6 in Stealth
  5911 | D:6      | Reached skill level 5 in Axes
  6233 | D:6      | Reached XP level 9. HP: 70/76 MP: 15/15
  6825 | D:6      | Found an opulent altar of Gozag.
  6827 | D:6      | Found a burning altar of Makhleb.
  6827 | D:6      | Found a sparkling altar of Nemelex Xobeh.
  6827 | D:6      | Found a glowing golden altar of the Shining One.
  6834 | D:6      | Found a broken altar of Ashenzari.
  6834 | D:6      | Found a white marble altar of Elyvilon.
  7290 | D:7      | Reached skill level 7 in Stealth
  7302 | D:7      | Found a flagged portal.
  7325 | D:7      | HP: 3/70 [wight/+2 flail (11)]
  7332 | D:7      | Reached * piety under Vehumet
  7332 | D:7      | Offered knowledge of Shock by Vehumet.
  7361 | Bailey   | Entered a bailey
  7517 | Bailey   | Reached skill level 1 in Air Magic
  7769 | Bailey   | Reached skill level 5 in Spellcasting
  7980 | Bailey   | Reached skill level 8 in Stealth
  7983 | Bailey   | Noticed an orc knight
  8019 | Bailey   | Noticed an orc knight
  8031 | Bailey   | Killed an orc knight
  8032 | Bailey   | Reached XP level 10. HP: 79/85 MP: 8/17
  8044 | Bailey   | Killed an orc knight
  9046 | D:8      | Reached skill level 9 in Stealth
  9147 | D:8      | Noticed Grum
  9159 | D:8      | Noticed Amaemon
  9166 | D:8      | Noticed an orange demon
  9172 | D:8      | Killed Grum
  9389 | D:8      | Killed Amaemon
  9390 | D:8      | Killed an orange demon
  9390 | D:8      | Offered knowledge of Scorch by Vehumet.
  9391 | D:8      | Reached skill level 10 in Stealth
  9522 | D:8      | Identified the +10 longbow "Kefad" {heavy, rC- rN+++ Str-2
                  | Int+8}
  9821 | D:8      | Noticed Prince Ribbit
  9828 | D:8      | Killed Prince Ribbit
  9998 | D:8      | Reached ** piety under Vehumet
  9999 | D:8      | Reached XP level 11. HP: 89/93 MP: 19/19
 10349 | D:9      | Reached skill level 11 in Stealth
 10354 | D:9      | Reached skill level 5 in Fighting
 10753 | D:9      | Found a staircase to the Lair.
 10929 | D:9      | Offered knowledge of Momentum Strike by Vehumet.
 11257 | D:9      | HP: 2/115 [wight/+0 halberd (9)]
 11259 | D:9      | Mangled by a wight

Illustrated notes

Levels and vault maps discovered:
D:1:      ebering_trefoil_twist, layout_rooms, chequers_jeans
D:2:      layout_basic, chequers_ecumenical_altar_simple_redux, basic_altar,
          uniq_robin, uniq_natasha
D:3:      layout_loops_corners, chequers_temple_overflow_statue_of_worship,
          portal_sewer_entry_b
D:4:      layout_cave_pools, serial_shops, shop, st_stairs_3,
          serial_bayou_pond_e
D:5:      layout_loops_corners
D:6:      layout_layer_cave, minmay_overflow_temple_hex, uniq_grinder
D:7:      layout_basic, enter_bailey_6
D:8:      layout_loops_ring, uniq_grum, uniq_prince_ribbit1, uniq_amaemon
D:9:      layout_basic, due_lair_maze_entry_diamond
Temple:   zaba_magenta_temple

Skill      XL: |  1  2  3  4  5  6  7  8  9 10 11 |
---------------+----------------------------------+-----
Dodging        | 2 3 4 |  4.9
Poison Magic   | 1 2 3 4 6 8 9 |  9.1
Spellcasting   | 4 5 |  5.8
Axes           | 1 2 4 5 7 8 9 |  9.2
Conjurations   | 2 3 4 |  4.2
Fighting       | 1 2 3 4 5 |  5.3
Stealth        | 4 5 6 8 10 11 | 11.4
Air Magic      | 1 2 |  2.6
Summonings     | |  1.0
Translocations | |  1.2

Action                   |  1- 3 |  4- 6 |  7- 9 | 10-12 || total
-------------------------+-------+-------+-------+-------++-------
Melee: Dagger            |     7 |       |       |       ||     7
       Hand axe          |    14 |   123 |   231 |   254 ||   622
       Punch             |       |     1 |     2 |     3 ||     6
 Cast: Magic Dart        |    72 |    24 |    32 |     5 ||   133
       Mephitic Cloud    |     1 |     3 |    20 |    24 ||    48
       Blink             |       |       |     1 |     2 ||     3
       Olgreb's Toxic Ra |       |       |     1 |       ||     1
 Abil: Spit Poison       |     6 |       |     3 |       ||     9
  Use: Scroll            |     2 |       |     1 |     1 ||     4
       Potion            |       |       |     6 |     2 ||     8
 Stab: Sleeping          |     1 |     2 |    14 |     3 ||    20
       Confused          |       |     2 |     5 |    28 ||    35
Armor: Robe              |    10 |    50 |    64 |    18 ||   142
       Steam dragon scal |       |       |       |    47 ||    47
Dodge: Dodged            |    26 |    92 |   131 |   142 ||   391

Table legend: (Time is in decaauts)
 A = Elapsed time spent in this place.
 B = Non-inter-level travel time spent in this place.
 C = Inter-level travel time spent in this place.
 D = Time resting spent in this place.
 E = Time spent auto-exploring this place.
 F = Levels seen in this place.
 G = Mean time per level.
                   A        B        C        D        E       F      G
               +--------+--------+--------+--------+--------+-----+--------+
         Total |  13867 |  13503 |    364 |    634 |  10058 |  12 | 1155.6 |
       Dungeon |  12543 |  12196 |    347 |    391 |   9294 |   9 | 1393.7 |
        Temple |     97 |     80 |     17 |      0 |     68 |   1 |   97.0 |
         Sewer |    301 |    301 |      0 |      0 |    252 |   1 |  301.0 |
        Bailey |    923 |    923 |      0 |    243 |    443 |   1 |  923.0 |
               +--------+--------+--------+--------+--------+-----+--------+

Top non-repeatable levels by time:
     D:6: 1984 daAuts
     D:5: 1772 daAuts
     D:2: 1617 daAuts
     D:7: 1436 daAuts
     D:8: 1276 daAuts
     D:9: 1275 daAuts
     D:3: 1274 daAuts
     D:1: 1239 daAuts
  Bailey: 923 daAuts
     D:4: 668 daAuts
   Sewer: 301 daAuts
  Temple: 97 daAuts
